 Dungeon Crawl Stone Soup version 0.27.0-1-g7a089689b8 (webtiles) character file.

Game seed: 15108531526521451013

840 shoorug the Chopper (level 7, -3/61 (66) HPs)
             Began as a Deep Dwarf Fighter on Aug 3, 2021.
             Slain by a necrophage (4 damage)
             ... on level 4 of the Dungeon.
             The game lasted 00:11:53 (5021 turns).

shoorug the Chopper (Deep Dwarf Fighter)            Turns: 5021, Time: 00:11:54

HP:   -3/61 (66)    AC:  8    Str: 21    XL:     7   Next: 67%
MP:   0/0           EV:  7    Int:  9    God:
Gold: 253           SH:  9    Dex: 12    Spells: 6/6 levels left

rFire    . . .     SeeInvis +   a - +1 war axe
rCold    + . .     Faith    .   c - +0 kite shield
rNeg     . . .     Spirit   .   b - +0 scale mail
rPois    .         Reflect  .   (no helmet)
rElec    +         Harm     .   (no cloak)
rCorr    .         Rampage  .   (no gloves)
Will     +....                  h - +0 pair of boots
Stlth    ..........             (no amulet)
HPRegen  0.00/turn              g - ring of protection from cold
MPRegen  0.07/turn              m - ring "Maybin" {rElec SInv}

@: drained
A: damage resistance, heal wounds, sense surroundings 1, no regeneration
a: Heal Wounds


You were on level 4 of the Dungeon.
You visited 1 branch of the dungeon, and saw 5 of its levels.
You also visited: Sewer.

You collected 253 gold pieces.

Inventory:

Hand Weapons
 a - a +1 war axe (weapon)
Armour
 b - a +0 scale mail (worn)
 c - a +0 kite shield (worn)
 h - a +0 pair of boots (worn)
Jewellery
 g - a ring of protection from cold (left hand)
 m - the ring "Maybin" (right hand) {rElec SInv}
   (You acquired it on level 4 of the Dungeon)

   [ring of see invisible]

   rElec:     It insulates you from electricity.
   SInv:      It lets you see invisible.
Scrolls
 f - a scroll of identify
 j - 4 scrolls of teleportation
 k - 2 scrolls of blinking
 l - 4 scrolls of magic mapping
 p - a scroll of enchant armour
 q - a scroll of fear
 s - a scroll of enchant weapon
Potions
 d - 3 potions of might
 e - 2 potions of haste
 i - 2 potions of brilliance
 o - 2 potions of mutation


   Skills:
 * Level 4.4 Fighting
 * Level 7.2 Axes
 + Level 5.4 Armour
 - Level 0.5 Dodging
 - Level 3.9 Shields


You had 6 spell levels left.
You didn't know any spells.
Your spell library contained the following spells:

 Spells                   Type           Power      Damage    Failure   Level
 Magic Dart               Conj           0%         1d3       99%         1
 Searing Ray              Conj           0%         3d3       100%        2
 Slow                     Hex            0%         N/A       100%        2
 Confusing Touch          Hex            0%         N/A       100%        3
 Fulminant Prism          Conj/Hex       0%         3d6       100%        4
 Yara's Violent Unravell  Hex/Tmut       0%         3d3       100%        5


Dungeon Overview and Level Annotations

Branches:
Dungeon (5/15)              Sewer (visited)
 Temple: D:4-7

Altars:

Shops:
D:4 :


Innate Abilities, Weirdness & Mutations

You are resistant to damage.
You can heal yourself by infusing magical energy.
You passively map a small area around you.
You do not regenerate.


Message History

You closely miss the necrophage.
The necrophage hits you but does no damage.
You block the necrophage's attack.
You hit the necrophage.
The necrophage is lightly damaged.
The necrophage hits you but does no damage.
You hit the necrophage.
The necrophage is lightly damaged.
The necrophage hits you.
You feel drained.
You hit the necrophage.
The necrophage is moderately damaged.
The necrophage hits you.
* * * LOW HITPOINT WARNING * * *
You feel drained.
The necrophage hits you but does no damage.
You barely miss the necrophage.
The necrophage is moderately damaged.
The necrophage hits you but does no damage.
You hit the necrophage.
The necrophage is heavily damaged.
You block the necrophage's attack. The necrophage barely misses you.
You completely miss the necrophage.
The necrophage is heavily damaged.
The necrophage hits you.
You feel drained.
Your scale mail prevents you from hitting the necrophage.
The necrophage is heavily damaged.
The necrophage hits you.
You feel drained.
You closely miss the necrophage.
The necrophage is heavily damaged.
The necrophage barely misses you. You block the necrophage's attack.
You hit the necrophage.
The necrophage is heavily damaged.
You block the necrophage's attack.
You barely miss the necrophage.
The necrophage is heavily damaged.
The necrophage hits you but does no damage.
You barely miss the necrophage.
The necrophage is heavily damaged.
You block the necrophage's attack. The necrophage hits you.
You die...

#.#####...#.#.##.# #.
#.#.......#.#.##.# #.
#.#.##....#.#.##.# #.
#.........#.#.##.###.
###.#.<.....#.#......
#.#.#...###.##.####
#.#.......#.##.#
#.#.#.#####.#######
#.@.....)..........
#..n..##...........
##.#####...........
#.# #...........
#.#####...........
#.................
#######...........
############


You could see a necrophage.

Vanquished Creatures
  A black bear (D:3)
  An ice beast (D:5)
  2 bullfrogs (Sewer)
  2 bullfrog skeletons
  A centaur skeleton (D:4)
  A gnoll shaman (D:4)
  3 orc wizards (D:3)
  9 gnolls
  4 river rats (Sewer)
  8 adders
  4 worms
  5 dart slugs
  13 orcs
  13 ball pythons
  10 endoplasms
  4 giant cockroaches
  8 goblins
  3 hobgoblins
  8 kobolds
  3 quokkas
  A bat (D:1)
  5 frilled lizards
  30 rats
139 creatures vanquished.

Notes
Turn   | Place    | Note
-------+----------+-------------------------------------------
     0 | D:1      | shoorug the Deep Dwarf Fighter began the quest for the Orb.
     0 | D:1      | Reached XP level 1. HP: 20/20 MP: 1/1
   122 | D:1      | Reached XP level 2. HP: 17/27 MP: 2/2
  1251 | D:2      | Noticed an eye of devastation
  1258 | D:2      | Noticed a great orb of eyes
  1260 | D:2      | Found a faded altar of an unknown god.
  1282 | D:2      | Reached XP level 3. HP: 13/34 MP: 3/3
  1386 | D:2      | Noticed a floating eye
  1386 | D:2      | Noticed a golden eye
  1456 | D:2      | Reached skill level 3 in Axes
  1468 | D:2      | Reached XP level 4. HP: 21/42 MP: 4/4
  1876 | D:3      | Found a glowing drain.
  1917 | Sewer    | Entered a sewer
  2085 | Sewer    | Reached XP level 5. HP: 20/49 MP: 4/4
  2147 | Sewer    | Reached skill level 4 in Axes
  2240 | Sewer    | Reached skill level 5 in Axes
  2255 | Sewer    | Reached XP level 6. HP: 51/56 MP: 3/3
  2766 | D:3      | Reached skill level 6 in Axes
  3200 | D:3      | Reached XP level 7. HP: 52/64 MP: 3/3
  3321 | D:4      | Reached skill level 5 in Armour
  4383 | D:4      | Found Nedass's Self-Improvement Boutique.
  4569 | D:5      | Entered Level 5 of the Dungeon
  4640 | D:5      | Reached skill level 7 in Axes
  4970 | D:5      | HP: 3/64 [ice beast (13)]
  4981 | D:4      | Identified a scroll of acquirement
  4981 | D:4      | Acquired the ring "Maybin" {rElec SInv}
  5013 | D:4      | HP: 1/64 [necrophage (2)]
  5021 | D:4      | Slain by a necrophage

Illustrated notes

Levels and vault maps discovered:
D:1:      dpeg_arrival_prison, layout_rooms
D:2:      layout_basic, hellmonk_ecumenical_altar_watching_god,
          minmay_tetromino_l2
D:3:      layout_basic, gup_sewer_entry_glass
D:4:      layout_basic, nicolae_shop_self_help
D:5:      layout_rooms, minmay_temple_entry_gardened_gates,
          nrook_mini_backslash, chequers_serial_rivers_marsh

Skill      XL: |  1  2  3  4  5  6  7 |
---------------+----------------------+-----
Fighting       | 3 4 |  4.4
Axes           | 3 5 6 7 |  7.2
Armour         | 4 5 |  5.4
Dodging        | |  0.5
Shields        | |  3.9

Action                   |  1- 3 |  4- 6 |  7- 9 || total
-------------------------+-------+-------+-------++-------
Melee: War axe           |   127 |   232 |   100 ||   459
 Abil: Heal Wounds       |     1 |    12 |     6 ||    19
  Use: Scroll            |       |       |    10 ||    10
       Potion            |       |       |     5 ||     5
Armor: Scale mail        |    60 |   184 |    38 ||   282
Dodge: Dodged            |    40 |   100 |    35 ||   175
Block: Kite shield       |    90 |   190 |    61 ||   341
